BlackHawks vs Kings

Created - October 18 2011 at 18:40

Goals
1 2 3 T
BlackHawks 2 0 1 3
Kings 3 1 2 6
Shots
1 2 3 T
BlackHawks 6 9 14 29
Kings 5 5 7 17

Period #1

1. BlackHawks , Pavel Datsyuk 2 (Joe Thornton) at 0:06
2. Kings , Brian Rolston 1 (Bryan Allen, Joe Corvo) at 4:17
3. BlackHawks , Pavel Datsyuk 3 (Mattias Ohlund) at 7:06
4. Kings , Mike Lundin 4 (Jamie McBain, Michael Frolik) at 14:06 (PP)
5. Kings , Michael Frolik 2 (Jason Arnott, Jamie McBain) at 17:43 (PP)

Penalties :
Anton Babchuk (CHI) for Tripping (Minor) at 13:32, Ron Hainsey (CHI) for Hooking (Minor) at 17:27, Jamie McBain (LOS) for Interference (Minor) at 19:14

Period #2

6. Kings , Jack Hillen 1 (Jonathon Blum, Evgeny Dadonov) at 19:48

Penalties :
Anton Babchuk (CHI) for Roughing (Double Minor) at 1:38, Brian Rolston (LOS) for Goalie Interference (Minor) at 13:55

Period #3

7. BlackHawks , Hal Gill 2 (Joe Thornton, Tyler Kennedy) at 7:10 (PP)
8. Kings , Jason Arnott 3 (Michael Frolik) at 8:52 (PP)
9. Kings , Michael Frolik 3 (Sean Bergenheim, Jason Arnott) at 10:05 (PP)

Penalties :
Jamie McBain (LOS) for Roughing (Minor) at 2:15, Brian Rolston (LOS) for Holding (Minor) at 5:37, Chris Campoli (CHI) for Hooking (Minor) at 7:57, Matt Hendricks (CHI) for Interference (Minor) at 9:32, Jonathon Blum (LOS) for Slashing (Minor) at 11:50, Bryan Allen (LOS) for Interference (Minor) at 11:59, Hal Gill (CHI) for High sticking (Minor) at 14:39

Goalie Stats

Jose Theodore (CHI), 6 saves from 10 shots - (0.600), L, 1-3-1, 39:48 minutes
Mathieu Garon (CHI), 5 saves from 7 shots - (0.714), 20:12 minutes
Ondrej Pavelec (LOS), 26 saves from 29 shots - (0.897), W, 3-6-0, 60:00 minutes

Players Stats

BlackHawks
Player Name              G  A  P  +/- PIM S  H  SB FO    MP 
------------------------------------------------------------
Anton Babchuk            0  0  0  -1  6   3  1  0  0/0   21 
Chris Campoli            0  0  0  -1  2   1  1  3  0/0   16 
Cody McCormick           0  0  0   0  0   0  1  0  1/5   22 
Daniel Paille            0  0  0   0  0   0  0  0  0/1   3  
Hal Gill                 1  0  1   2  2   1  0  1  0/0   21 
Henrik Zetterberg        0  0  0   0  0   0  0  0  0/0   1  
Jay McClement            0  0  0  -1  0   0  0  1  14/26 20 
Joe Thornton             0  2  2   2  0   1  2  0  11/22 23 
Mark Eaton               0  0  0  -1  0   3  1  1  0/0   22 
Mathieu Darche           0  0  0  -1  0   5  1  0  0/0   20 
Mats Zuccarello          0  0  0  -1  0   1  0  0  0/1   14 
Matt Hendricks           0  0  0  -1  2   0  6  0  1/3   13 
Mattias Ohlund           0  1  1   2  0   3  2  0  0/0   22 
Pavel Datsyuk            2  0  2   1  0   6  1  0  12/17 24 
Ron Hainsey              0  0  0  -1  2   0  0  0  0/0   15 
Samuel Pahlsson          0  0  0  -1  0   0  2  2  3/13  15 
Sean Avery               0  0  0   0  0   0  0  1  0/0   4  
Tyler Kennedy            0  1  1   2  0   5  0  0  1/1   15 
Kings
Player Name              G  A  P  +/- PIM S  H  SB FO    MP 
------------------------------------------------------------
Blair Jones              0  0  0   1  0   0  0  0  14/24 18 
Brian Rolston            1  0  1   0  4   2  2  0  1/1   16 
Bryan Allen              0  1  1   0  2   0  2  0  0/0   22 
Craig Adams              0  0  0   0  0   0  1  0  0/1   10 
Evgeny Dadonov           0  1  1   0  0   3  0  0  1/1   13 
Jack Hillen              1  0  1   0  0   3  1  1  0/0   18 
Jamie McBain             0  2  2   0  4   1  1  0  0/0   20 
Jason Arnott             1  2  3   0  0   3  1  0  14/22 19 
Joe Corvo                0  1  1   0  0   0  0  1  0/0   24 
Jonathon Blum            0  1  1   0  2   0  3  3  0/0   14 
Magnus Paajarvi          0  0  0   0  0   0  0  0  0/0   6  
Matt Duchene             0  0  0  -1  0   1  0  0  15/34 21 
Matt Niskanen            0  0  0   0  0   0  0  0  0/0   0  
Michael Frolik           2  2  4   0  0   2  0  0  1/3   18 
Mike Lundin              1  0  1   0  0   2  3  1  0/0   21 
Sean Bergenheim          0  1  1   0  0   0  6  2  0/0   20 
Sergei Samsonov          0  0  0   0  0   0  0  0  0/2   15 
Wojtek Wolski            0  0  0   0  0   0  0  0  0/1   13 

3 Stars

1 - Michael Frolik (LOS)
2 - Pavel Datsyuk (CHI)
3 - Jason Arnott (LOS)

Power Play

BlackHawks - 1 on 6 Attempt(s) - 16.67%
Kings - 4 on 7 Attempt(s) - 57.14%

Penalty Kill

BlackHawks - 3 on 7 Attempt(s) - 42.86% - Score 0 goal in Penalty Kill
Kings - 5 on 6 Attempt(s) - 83.33% - Score 0 goal in Penalty Kill

Game Notes

Mathieu Garon enters game at 19:48 of 2nd period

Finance

Level 1 -- Attendance: 6500 (100.00%) -- Ticket Income $520,000.00
Level 2 -- Attendance: 4639 (92.78%) -- Ticket Income $231,950.00
Level 3 -- Attendance: 2620 (74.86%) -- Ticket Income $91,700.00
Level 4 -- Attendance: 2118 (100.00%) -- Ticket Income $42,360.00
Luxury Box -- Attendance: 738 (73.80%) -- Ticket Income $147,600.00
Game was played at the Staples Center
Total Attendance: 16615 (91.70%)
Total Ticket Income: $1,132,084.00
Other Income: $184,298.70
Total Income: $1,316,383.00


Play by Play

Period #1

0:01 of 1st period - Joe Thornton wins face-off versus Matt Duchene in neutral zone.
0:06 of 1st period - Shot by Pavel Datsyuk.
0:06 of 1st period - Goal by Pavel Datsyuk - BlackHawks : 1 - Kings : 0.
0:07 of 1st period - Jason Arnott wins face-off versus Samuel Pahlsson in neutral zone.
0:32 of 1st period - Mathieu Darche is hit by Sean Bergenheim and loses puck.
0:48 of 1st period - Anton Babchuk is hit by Mike Lundin and loses puck.
1:17 of 1st period - Shot by Joe Thornton.
1:17 of 1st period - Shot Misses the Net.
2:00 of 1st period - Icing by Ron Hainsey.
2:01 of 1st period - Jay McClement wins face-off versus Blair Jones in BlackHawks zone.
2:59 of 1st period - Icing by Jamie McBain.
3:00 of 1st period - Jason Arnott wins face-off versus Joe Thornton in Kings zone.
3:12 of 1st period - Jason Arnott is hit by Mattias Ohlund and loses puck.
3:35 of 1st period - Icing by Bryan Allen.
3:36 of 1st period - Samuel Pahlsson wins face-off versus Blair Jones in Kings zone.
3:36 of 1st period - Matt Hendricks is hit by Bryan Allen and loses puck.
3:53 of 1st period - Shot by Anton Babchuk.
3:53 of 1st period - Stopped by Ondrej Pavelec without a rebound.
3:54 of 1st period - Brian Rolston wins face-off versus Samuel Pahlsson in Kings zone.
3:54 of 1st period - Brian Rolston is hit by Samuel Pahlsson.
4:15 of 1st period - Shot by Brian Rolston.
4:15 of 1st period - Shot Misses the Net.
4:17 of 1st period - Shot by Brian Rolston.
4:17 of 1st period - Goal by Brian Rolston - BlackHawks : 1 - Kings : 1.
4:18 of 1st period - Joe Thornton wins face-off versus Matt Duchene in neutral zone.
4:46 of 1st period - Icing by Jack Hillen.
4:47 of 1st period - Pavel Datsyuk wins face-off versus Matt Duchene in Kings zone.
4:53 of 1st period - Icing by Jonathon Blum.
4:54 of 1st period - Matt Duchene wins face-off versus Samuel Pahlsson in Kings zone.
5:19 of 1st period - Mathieu Darche is hit by Mike Lundin and loses puck.
5:32 of 1st period - Shot by Michael Frolik.
5:32 of 1st period - Shot Misses the Net.
5:54 of 1st period - Mark Eaton is hit by Jason Arnott and loses puck.
7:06 of 1st period - Shot by Pavel Datsyuk.
7:06 of 1st period - Goal by Pavel Datsyuk - BlackHawks : 2 - Kings : 1.
7:07 of 1st period - Matt Duchene wins face-off versus Joe Thornton in neutral zone.
7:10 of 1st period - Shot by Jack Hillen.
7:10 of 1st period - Stopped by Jose Theodore without a rebound.
7:11 of 1st period - Joe Thornton wins face-off versus Blair Jones in BlackHawks zone.
7:23 of 1st period - Tyler Kennedy is hit by Jonathon Blum and loses puck.
7:38 of 1st period - Shot by Pavel Datsyuk.
7:38 of 1st period - Shot Misses the Net.
8:00 of 1st period - Sergei Samsonov is hit by Matt Hendricks and loses puck.
8:21 of 1st period - Brian Rolston is hit by Matt Hendricks.
8:24 of 1st period - Icing by Matt Duchene.
8:25 of 1st period - Joe Thornton wins face-off versus Matt Duchene in Kings zone.
8:45 of 1st period - Hal Gill is hit by Brian Rolston and loses puck.
8:51 of 1st period - Off-side.
8:52 of 1st period - Jay McClement wins face-off versus Jason Arnott in neutral zone.
9:46 of 1st period - Icing by Jamie McBain.
9:47 of 1st period - Jason Arnott wins face-off versus Jay McClement in Kings zone.
9:49 of 1st period - Icing by Michael Frolik.
9:50 of 1st period - Jay McClement wins face-off versus Jason Arnott in Kings zone.
9:54 of 1st period - Icing by Mike Lundin.
9:55 of 1st period - Jason Arnott wins face-off versus Joe Thornton in Kings zone.
11:00 of 1st period - Off-side.
11:01 of 1st period - Pavel Datsyuk wins face-off versus Matt Duchene in neutral zone.
11:57 of 1st period - Off-side.
11:58 of 1st period - Evgeny Dadonov wins face-off versus Samuel Pahlsson in neutral zone.
12:11 of 1st period - Icing by Wojtek Wolski.
12:12 of 1st period - Blair Jones wins face-off versus Joe Thornton in Kings zone.
12:20 of 1st period - Tyler Kennedy is hit by Jack Hillen and loses puck.
13:15 of 1st period - Icing by Samuel Pahlsson.
13:16 of 1st period - Matt Duchene wins face-off versus Cody McCormick in BlackHawks zone.
13:32 of 1st period - Minor Penalty to Anton Babchuk for Tripping.
13:33 of 1st period - Jay McClement wins face-off versus Michael Frolik in BlackHawks zone.
13:45 of 1st period - Icing by Mike Lundin.
13:46 of 1st period - Jason Arnott wins face-off versus Jay McClement in Kings zone.
13:51 of 1st period - Shot by Jamie McBain.
13:51 of 1st period - Shot Misses the Net.
13:55 of 1st period - Shot by Jamie McBain.
13:55 of 1st period - Shot Misses the Net.
13:57 of 1st period - Shot by Mike Lundin.
13:57 of 1st period - Shot Blocked by Jay McClement.
14:02 of 1st period - Shot by Jamie McBain.
14:02 of 1st period - Shot Blocked by Hal Gill.
14:04 of 1st period - Shot by Mike Lundin.
14:04 of 1st period - Shot Misses the Net.
14:06 of 1st period - Shot by Mike Lundin.
14:06 of 1st period - Goal by Mike Lundin - BlackHawks : 2 - Kings : 2.
14:07 of 1st period - Pavel Datsyuk wins face-off versus Matt Duchene in neutral zone.
14:27 of 1st period - Icing by Joe Corvo.
14:28 of 1st period - Matt Duchene wins face-off versus Samuel Pahlsson in Kings zone.
14:28 of 1st period - Matt Duchene is hit by Mathieu Darche.
14:50 of 1st period - Icing by Mark Eaton.
14:51 of 1st period - Samuel Pahlsson wins face-off versus Jason Arnott in BlackHawks zone.
14:51 of 1st period - Samuel Pahlsson is hit by Sean Bergenheim.
15:31 of 1st period - Shot by Jason Arnott.
15:31 of 1st period - Stopped by Jose Theodore without a rebound.
15:32 of 1st period - Blair Jones wins face-off versus Jay McClement in BlackHawks zone.
16:15 of 1st period - Icing by Jonathon Blum.
16:16 of 1st period - Pavel Datsyuk wins face-off versus Blair Jones in Kings zone.
16:19 of 1st period - Shot by Pavel Datsyuk.
16:19 of 1st period - Shot Misses the Net.
16:49 of 1st period - Shot by Pavel Datsyuk.
16:49 of 1st period - Shot Blocked by Jonathon Blum.
16:54 of 1st period - Pavel Datsyuk is hit by Jonathon Blum and loses puck.
17:27 of 1st period - Minor Penalty to Ron Hainsey for Hooking.
17:28 of 1st period - Jay McClement wins face-off versus Michael Frolik in BlackHawks zone.
17:43 of 1st period - Shot by Jason Arnott.
17:43 of 1st period - Deflect By Michael Frolik.
17:43 of 1st period - Goal by Michael Frolik - BlackHawks : 2 - Kings : 3.
17:44 of 1st period - Matt Duchene wins face-off versus Samuel Pahlsson in neutral zone.
19:13 of 1st period - Shot by Tyler Kennedy.
19:13 of 1st period - Shot Misses the Net.
19:14 of 1st period - Minor Penalty to Jamie McBain for Interference.
19:15 of 1st period - Joe Thornton wins face-off versus Matt Duchene in Kings zone.
19:34 of 1st period - Shot by Mattias Ohlund.
19:34 of 1st period - Stopped by Ondrej Pavelec without a rebound.
19:35 of 1st period - Jay McClement wins face-off versus Blair Jones in Kings zone.
19:51 of 1st period - Shot by Anton Babchuk.
19:51 of 1st period - Deflect By Mathieu Darche.
19:51 of 1st period - Shot Misses the Net.
19:53 of 1st period - Shot by Anton Babchuk.
19:53 of 1st period - Stopped by Ondrej Pavelec with a rebound.
19:55 of 1st period - Shot by Mark Eaton.
19:55 of 1st period - Shot Misses the Net.
19:57 of 1st period - Shot by Mark Eaton.
19:57 of 1st period - Stopped by Ondrej Pavelec without a rebound.
19:58 of 1st period - Matt Duchene wins face-off versus Joe Thornton in Kings zone.

Period #2

0:01 of 2nd period - Matt Duchene wins face-off versus Joe Thornton in neutral zone.
0:01 of 2nd period - Matt Duchene is hit by Joe Thornton.
0:17 of 2nd period - Shot by Pavel Datsyuk.
0:17 of 2nd period - Stopped by Ondrej Pavelec without a rebound.
0:18 of 2nd period - Pavel Datsyuk wins face-off versus Matt Duchene in Kings zone.
0:23 of 2nd period - Shot by Anton Babchuk.
0:23 of 2nd period - Shot Misses the Net.
0:33 of 2nd period - Shot by Mathieu Darche.
0:33 of 2nd period - Stopped by Ondrej Pavelec without a rebound.
0:34 of 2nd period - Blair Jones wins face-off versus Joe Thornton in Kings zone.
1:30 of 2nd period - Evgeny Dadonov is hit by Mark Eaton and loses puck.
1:38 of 2nd period - Double Minor Penalty to Anton Babchuk for Roughing.
1:39 of 2nd period - Jay McClement wins face-off versus Matt Duchene in BlackHawks zone.
1:57 of 2nd period - Off-side.
1:58 of 2nd period - Jay McClement wins face-off versus Jason Arnott in neutral zone.
2:19 of 2nd period - Shot by Jamie McBain.
2:19 of 2nd period - Stopped by Jose Theodore without a rebound.
2:20 of 2nd period - Matt Duchene wins face-off versus Jay McClement in BlackHawks zone.
2:20 of 2nd period - Matt Duchene is hit by Mattias Ohlund.
2:56 of 2nd period - Icing by Bryan Allen.
2:57 of 2nd period - Jay McClement wins face-off versus Matt Duchene in Kings zone.
3:21 of 2nd period - Off-side.
3:22 of 2nd period - Jason Arnott wins face-off versus Matt Hendricks in neutral zone.
3:27 of 2nd period - Shot by Jamie McBain.
3:27 of 2nd period - Shot Misses the Net.
4:49 of 2nd period - Shot by Mike Lundin.
4:49 of 2nd period - Shot Blocked by Samuel Pahlsson.
4:53 of 2nd period - Shot by Jason Arnott.
4:53 of 2nd period - Deflect By Sean Bergenheim.
4:53 of 2nd period - Shot Misses the Net.
5:44 of 2nd period - Shot by Wojtek Wolski.
5:44 of 2nd period - Shot Misses the Net.
5:46 of 2nd period - Shot by Wojtek Wolski.
5:46 of 2nd period - Shot Misses the Net.
5:48 of 2nd period - Shot by Jack Hillen.
5:48 of 2nd period - Stopped by Jose Theodore without a rebound.
5:49 of 2nd period - Blair Jones wins face-off versus Samuel Pahlsson in BlackHawks zone.
5:56 of 2nd period - Jack Hillen is hit by Cody McCormick and loses puck.
6:03 of 2nd period - Shot by Samuel Pahlsson.
6:03 of 2nd period - Shot Misses the Net.
6:05 of 2nd period - Shot by Cody McCormick.
6:05 of 2nd period - Shot Misses the Net.
6:07 of 2nd period - Shot by Cody McCormick.
6:07 of 2nd period - Shot Misses the Net.
6:09 of 2nd period - Shot by Samuel Pahlsson.
6:09 of 2nd period - Shot Misses the Net.
7:11 of 2nd period - Shot by Mats Zuccarello.
7:11 of 2nd period - Stopped by Ondrej Pavelec without a rebound.
7:12 of 2nd period - Matt Duchene wins face-off versus Pavel Datsyuk in Kings zone.
9:06 of 2nd period - Icing by Mark Eaton.
9:07 of 2nd period - Samuel Pahlsson wins face-off versus Blair Jones in BlackHawks zone.
9:14 of 2nd period - Cody McCormick is hit by Craig Adams.
9:33 of 2nd period - Samuel Pahlsson is hit by Bryan Allen and loses puck.
10:04 of 2nd period - Pavel Datsyuk is hit by Mike Lundin and loses puck.
10:52 of 2nd period - Icing by Chris Campoli.
10:53 of 2nd period - Jay McClement wins face-off versus Jason Arnott in BlackHawks zone.
10:55 of 2nd period - Chris Campoli is hit by Sean Bergenheim and loses puck.
11:04 of 2nd period - Shot by Michael Frolik.
11:04 of 2nd period - Shot Blocked by Chris Campoli.
11:06 of 2nd period - Shot by Jack Hillen.
11:06 of 2nd period - Shot Misses the Net.
11:08 of 2nd period - Shot by Sean Bergenheim.
11:08 of 2nd period - Shot Blocked by Chris Campoli.
11:13 of 2nd period - Michael Frolik is hit by Chris Campoli and loses puck.
12:23 of 2nd period - Off-side.
12:24 of 2nd period - Joe Thornton wins face-off versus Blair Jones in neutral zone.
13:19 of 2nd period - Wojtek Wolski is hit by Matt Hendricks and loses puck.
13:55 of 2nd period - Minor Penalty to Brian Rolston for Goalie Interference.
13:56 of 2nd period - Pavel Datsyuk wins face-off versus Sergei Samsonov in Kings zone.
13:57 of 2nd period - Shot by Mark Eaton.
13:57 of 2nd period - Stopped by Ondrej Pavelec without a rebound.
13:58 of 2nd period - Pavel Datsyuk wins face-off versus Sergei Samsonov in Kings zone.
14:01 of 2nd period - Shot by Mathieu Darche.
14:01 of 2nd period - Shot Misses the Net.
14:03 of 2nd period - Shot by Cody McCormick.
14:03 of 2nd period - Shot Misses the Net.
14:05 of 2nd period - Shot by Mathieu Darche.
14:05 of 2nd period - Stopped by Ondrej Pavelec without a rebound.
14:06 of 2nd period - Joe Thornton wins face-off versus Blair Jones in Kings zone.
14:10 of 2nd period - Shot by Mattias Ohlund.
14:10 of 2nd period - Shot Blocked by Sean Bergenheim.
14:23 of 2nd period - Shot by Joe Thornton.
14:23 of 2nd period - Shot Misses the Net.
14:27 of 2nd period - Shot by Tyler Kennedy.
14:27 of 2nd period - Stopped by Ondrej Pavelec without a rebound.
14:28 of 2nd period - Jay McClement wins face-off versus Craig Adams in Kings zone.
14:45 of 2nd period - Shot by Mathieu Darche.
14:45 of 2nd period - Stopped by Ondrej Pavelec without a rebound.
14:46 of 2nd period - Matt Duchene wins face-off versus Jay McClement in Kings zone.
15:57 of 2nd period - Shot by Tyler Kennedy.
15:57 of 2nd period - Stopped by Ondrej Pavelec with a rebound.
17:44 of 2nd period - Craig Adams is hit by Anton Babchuk and loses puck.
18:20 of 2nd period - Shot by Matt Duchene.
18:20 of 2nd period - Stopped by Jose Theodore without a rebound.
18:21 of 2nd period - Joe Thornton wins face-off versus Jason Arnott in BlackHawks zone.
18:21 of 2nd period - Joe Thornton is hit by Sean Bergenheim.
18:35 of 2nd period - Shot by Pavel Datsyuk.
18:35 of 2nd period - Shot Blocked by Sean Bergenheim.
18:39 of 2nd period - Shot by Pavel Datsyuk.
18:39 of 2nd period - Stopped by Ondrej Pavelec without a rebound.
18:40 of 2nd period - Matt Duchene wins face-off versus Mats Zuccarello in Kings zone.
18:59 of 2nd period - Shot by Sergei Samsonov.
18:59 of 2nd period - Shot Blocked by Chris Campoli.
19:01 of 2nd period - Shot by Joe Corvo.
19:01 of 2nd period - Shot Misses the Net.
19:05 of 2nd period - Shot by Sergei Samsonov.
19:05 of 2nd period - Shot Misses the Net.
19:16 of 2nd period - Icing by Pavel Datsyuk.
19:17 of 2nd period - Blair Jones wins face-off versus Pavel Datsyuk in BlackHawks zone.
19:44 of 2nd period - Shot by Evgeny Dadonov.
19:44 of 2nd period - Stopped by Jose Theodore with a rebound.
19:48 of 2nd period - Shot by Jack Hillen.
19:48 of 2nd period - Goal by Jack Hillen - BlackHawks : 2 - Kings : 4.
19:48 of 2nd period - Mathieu Garon enters game.
19:49 of 2nd period - Jason Arnott wins face-off versus Joe Thornton in neutral zone.

Period #3

0:01 of 3rd period - Matt Duchene wins face-off versus Joe Thornton in neutral zone.
0:31 of 3rd period - Joe Corvo is hit by Pavel Datsyuk and loses puck.
1:02 of 3rd period - Shot by Mathieu Darche.
1:02 of 3rd period - Shot Misses the Net.
1:06 of 3rd period - Shot by Mathieu Darche.
1:06 of 3rd period - Stopped by Ondrej Pavelec without a rebound.
1:07 of 3rd period - Jason Arnott wins face-off versus Cody McCormick in Kings zone.
1:54 of 3rd period - Shot by Mathieu Darche.
1:54 of 3rd period - Shot Misses the Net.
2:00 of 3rd period - Jason Arnott is hit by Joe Thornton and loses puck.
2:06 of 3rd period - Icing by Mike Lundin.
2:07 of 3rd period - Michael Frolik wins face-off versus Jay McClement in Kings zone.
2:07 of 3rd period - Jason Arnott is hit by Matt Hendricks and loses puck.
2:15 of 3rd period - Minor Penalty to Jamie McBain for Roughing.
2:16 of 3rd period - Joe Thornton wins face-off versus Matt Duchene in Kings zone.
2:21 of 3rd period - Shot by Joe Thornton.
2:21 of 3rd period - Deflect By Tyler Kennedy.
2:21 of 3rd period - Shot Hit the Post.
2:23 of 3rd period - Shot by Mattias Ohlund.
2:23 of 3rd period - Stopped by Ondrej Pavelec with a rebound.
2:25 of 3rd period - Shot by Mattias Ohlund.
2:25 of 3rd period - Shot Misses the Net.
2:29 of 3rd period - Shot by Joe Thornton.
2:29 of 3rd period - Stopped by Ondrej Pavelec with a rebound.
2:31 of 3rd period - Shot by Joe Thornton.
2:31 of 3rd period - Shot Misses the Net.
2:33 of 3rd period - Shot by Tyler Kennedy.
2:33 of 3rd period - Stopped by Ondrej Pavelec without a rebound.
2:34 of 3rd period - Matt Duchene wins face-off versus Pavel Datsyuk in Kings zone.
2:49 of 3rd period - Shot by Mark Eaton.
2:49 of 3rd period - Stopped by Ondrej Pavelec without a rebound.
2:50 of 3rd period - Blair Jones wins face-off versus Jay McClement in Kings zone.
3:09 of 3rd period - Shot by Tyler Kennedy.
3:09 of 3rd period - Stopped by Ondrej Pavelec without a rebound.
3:10 of 3rd period - Blair Jones wins face-off versus Pavel Datsyuk in Kings zone.
4:19 of 3rd period - Shot by Daniel Paille.
4:19 of 3rd period - Shot Blocked by Jonathon Blum.
4:21 of 3rd period - Shot by Mattias Ohlund.
4:21 of 3rd period - Shot Misses the Net.
4:23 of 3rd period - Shot by Joe Thornton.
4:23 of 3rd period - Shot Misses the Net.
4:25 of 3rd period - Shot by Jay McClement.
4:25 of 3rd period - Shot Misses the Net.
4:27 of 3rd period - Shot by Mattias Ohlund.
4:27 of 3rd period - Stopped by Ondrej Pavelec without a rebound.
4:28 of 3rd period - Jason Arnott wins face-off versus Jay McClement in Kings zone.
4:43 of 3rd period - Jay McClement is hit by Sean Bergenheim and loses puck.
4:56 of 3rd period - Michael Frolik is hit by Matt Hendricks and loses puck.
5:01 of 3rd period - Shot by Chris Campoli.
5:01 of 3rd period - Stopped by Ondrej Pavelec with a rebound.
5:05 of 3rd period - Shot by Jay McClement.
5:05 of 3rd period - Shot Blocked by Mike Lundin.
5:12 of 3rd period - Icing by Mike Lundin.
5:13 of 3rd period - Jason Arnott wins face-off versus Joe Thornton in Kings zone.
5:37 of 3rd period - Minor Penalty to Brian Rolston for Holding.
5:38 of 3rd period - Pavel Datsyuk wins face-off versus Matt Duchene in Kings zone.
5:54 of 3rd period - Icing by Mathieu Darche.
5:55 of 3rd period - Cody McCormick wins face-off versus Matt Duchene in BlackHawks zone.
6:10 of 3rd period - Shot by Joe Corvo.
6:10 of 3rd period - Shot Blocked by Mark Eaton.
6:12 of 3rd period - Shot by Joe Corvo.
6:12 of 3rd period - Shot Misses the Net.
6:44 of 3rd period - Icing by Cody McCormick.
6:45 of 3rd period - Pavel Datsyuk wins face-off versus Blair Jones in BlackHawks zone.
7:10 of 3rd period - Shot by Hal Gill.
7:10 of 3rd period - Goal by Hal Gill - BlackHawks : 3 - Kings : 4.
7:11 of 3rd period - Blair Jones wins face-off versus Jay McClement in neutral zone.
7:49 of 3rd period - Off-side.
7:50 of 3rd period - Jason Arnott wins face-off versus Matt Hendricks in neutral zone.
7:50 of 3rd period - Jason Arnott is hit by Matt Hendricks.
7:57 of 3rd period - Minor Penalty to Chris Campoli for Hooking.
7:58 of 3rd period - Matt Duchene wins face-off versus Jay McClement in BlackHawks zone.
8:46 of 3rd period - Icing by Mike Lundin.
8:47 of 3rd period - Jason Arnott wins face-off versus Cody McCormick in Kings zone.
8:52 of 3rd period - Shot by Jason Arnott.
8:52 of 3rd period - Goal by Jason Arnott - BlackHawks : 3 - Kings : 5.
8:53 of 3rd period - Pavel Datsyuk wins face-off versus Blair Jones in neutral zone.
9:09 of 3rd period - Shot by Pavel Datsyuk.
9:09 of 3rd period - Shot Misses the Net.
9:11 of 3rd period - Shot by Pavel Datsyuk.
9:11 of 3rd period - Shot Misses the Net.
9:15 of 3rd period - Shot by Pavel Datsyuk.
9:15 of 3rd period - Shot Blocked by Jonathon Blum.
9:17 of 3rd period - Shot by Pavel Datsyuk.
9:17 of 3rd period - Shot Blocked by Jack Hillen.
9:19 of 3rd period - Shot by Ron Hainsey.
9:19 of 3rd period - Shot Misses the Net.
9:30 of 3rd period - Evgeny Dadonov is hit by Samuel Pahlsson and loses puck.
9:32 of 3rd period - Minor Penalty to Matt Hendricks for Interference.
9:33 of 3rd period - Jason Arnott wins face-off versus Jay McClement in BlackHawks zone.
9:57 of 3rd period - Shot by Mike Lundin.
9:57 of 3rd period - Shot Misses the Net.
9:59 of 3rd period - Shot by Jason Arnott.
9:59 of 3rd period - Shot Misses the Net.
10:01 of 3rd period - Shot by Jason Arnott.
10:01 of 3rd period - Stopped by Mathieu Garon with a rebound.
10:05 of 3rd period - Shot by Michael Frolik.
10:05 of 3rd period - Goal by Michael Frolik - BlackHawks : 3 - Kings : 6.
10:06 of 3rd period - Matt Duchene wins face-off versus Samuel Pahlsson in neutral zone.
10:10 of 3rd period - Off-side.
10:11 of 3rd period - Matt Hendricks wins face-off versus Matt Duchene in neutral zone.
11:02 of 3rd period - Anton Babchuk is hit by Jamie McBain.
11:18 of 3rd period - Pavel Datsyuk is hit by Sean Bergenheim and loses puck.
11:29 of 3rd period - Icing by Mike Lundin.
11:30 of 3rd period - Jason Arnott wins face-off versus Joe Thornton in Kings zone.
11:37 of 3rd period - Shot by Mike Lundin.
11:37 of 3rd period - Stopped by Mathieu Garon without a rebound.
11:38 of 3rd period - Blair Jones wins face-off versus Daniel Paille in BlackHawks zone.
11:50 of 3rd period - Minor Penalty to Jonathon Blum for Slashing.
11:51 of 3rd period - Pavel Datsyuk wins face-off versus Matt Duchene in Kings zone.
11:52 of 3rd period - Shot by Joe Thornton.
11:52 of 3rd period - Shot Blocked by Joe Corvo.
11:56 of 3rd period - Shot by Tyler Kennedy.
11:56 of 3rd period - Stopped by Ondrej Pavelec with a rebound.
11:58 of 3rd period - Shot by Pavel Datsyuk.
11:58 of 3rd period - Stopped by Ondrej Pavelec without a rebound.
11:59 of 3rd period - Tyler Kennedy wins face-off versus Matt Duchene in Kings zone.
11:59 of 3rd period - Minor Penalty to Bryan Allen for Interference.
12:00 of 3rd period - Joe Thornton wins face-off versus Jason Arnott in Kings zone.
13:18 of 3rd period - Shot by Mark Eaton.
13:18 of 3rd period - Shot Misses the Net.
13:34 of 3rd period - Shot by Anton Babchuk.
13:34 of 3rd period - Stopped by Ondrej Pavelec without a rebound.
13:35 of 3rd period - Blair Jones wins face-off versus Cody McCormick in Kings zone.
14:26 of 3rd period - Off-side.
14:27 of 3rd period - Jay McClement wins face-off versus Jason Arnott in neutral zone.
14:39 of 3rd period - Minor Penalty to Hal Gill for High sticking.
14:40 of 3rd period - Jay McClement wins face-off versus Matt Duchene in BlackHawks zone.
14:40 of 3rd period - Jay McClement is hit by Brian Rolston.
15:35 of 3rd period - Shot by Jason Arnott.
15:35 of 3rd period - Shot Blocked by Sean Avery.
16:24 of 3rd period - Shot by Matt Duchene.
16:24 of 3rd period - Deflect By Sergei Samsonov.
16:24 of 3rd period - Shot Blocked by Samuel Pahlsson.
16:26 of 3rd period - Shot by Bryan Allen.
16:26 of 3rd period - Deflect By Brian Rolston.
16:26 of 3rd period - Stopped by Mathieu Garon without a rebound.
16:27 of 3rd period - Blair Jones wins face-off versus Jay McClement in BlackHawks zone.
16:40 of 3rd period - Shot by Evgeny Dadonov.
16:40 of 3rd period - Stopped by Mathieu Garon without a rebound.
16:41 of 3rd period - Blair Jones wins face-off versus Pavel Datsyuk in BlackHawks zone.
16:44 of 3rd period - Shot by Evgeny Dadonov.
16:44 of 3rd period - Deflect By Wojtek Wolski.
16:44 of 3rd period - Shot Hit the Post.
17:02 of 3rd period - Shot by Pavel Datsyuk.
17:02 of 3rd period - Stopped by Ondrej Pavelec without a rebound.
17:03 of 3rd period - Blair Jones wins face-off versus Samuel Pahlsson in Kings zone.
18:30 of 3rd period - Icing by Ron Hainsey.
18:31 of 3rd period - Jay McClement wins face-off versus Matt Duchene in BlackHawks zone.
18:39 of 3rd period - Mats Zuccarello is hit by Jonathon Blum and loses puck.
19:04 of 3rd period - Shot by Evgeny Dadonov.
19:04 of 3rd period - Stopped by Mathieu Garon without a rebound.
19:05 of 3rd period - Blair Jones wins face-off versus Samuel Pahlsson in BlackHawks zone.
19:34 of 3rd period - Shot by Mathieu Darche.
19:34 of 3rd period - Stopped by Ondrej Pavelec without a rebound.
19:35 of 3rd period - Pavel Datsyuk wins face-off versus Matt Duchene in Kings zone.
19:49 of 3rd period - Off-side.
19:50 of 3rd period - Joe Thornton wins face-off versus Wojtek Wolski in neutral zone.


Output by the SimonT Hockey Simulator (STHS) for Stephane Roy -- Original Page W3C XHTML 1.0 Valid